 Dungeon Crawl Stone Soup version 0.31-a0-523-g071a6c1ffa (webtiles) character file.

Game seed: 14890597328846305015

549 sokol815 the Sneak (level 7, -10/46 HPs)
             Began as an Octopode Brigand on Aug 12, 2023.
             Mangled by an ice beast (14 damage)
             ... on level 5 of the Dungeon.
             The game lasted 00:10:53 (3911 turns).

sokol815 the Sneak (Octopode Brigand)               Turns: 3911, Time: 00:10:53

Health: -10/46     AC:  1    Str: 10    XL:     7   Next: 28%
Magic:  0/11       EV: 13    Int: 13    God:
Gold:   222        SH:  0    Dex: 16    Spells: 9/12 levels left

rFire   . . .        t - +1 short sword (flame)
rCold   . . .        (no shield)
rNeg    . . .        (helmet restricted)
rPois   .            g - amulet of guardian spirit
rElec   .            (no ring)
rCorr   .            (no ring)
SInv    .            (no ring)
Will    .....        (no ring)
Stlth   +++++        (no ring)
HPRegen 0.27/turn    (no ring)
MPRegen 0.12/turn    (no ring)
                     (no ring)

%: guardian spirit
@: no status effects
A: almost no armour, amphibious, 8 rings, camouflage 1, gelatinous body 1,
(nimble swimmer 1), tentacles
a: no special abilities


You were on level 5 of the Dungeon.
You visited 1 branch of the dungeon, and saw 5 of its levels.

You collected 222 gold pieces.

Inventory:

Hand Weapons
 a - a +3 short sword
   (You found it on level 2 of the Dungeon)
 d - a +0 flail of protection
   (You took it off a gnoll on level 2 of the Dungeon)
 e - a +2 spear of venom
   (You took it off a gnoll on level 3 of the Dungeon)
 h - a +0 short sword
   (You found it on level 1 of the Dungeon)
 j - a +0 hand axe of electrocution
   (You took it off an orc on level 3 of the Dungeon)
 m - a +2 dagger
 p - a +3 dagger
   (You took it off an orc on level 3 of the Dungeon)
 t - a +1 short sword of flaming (weapon)
   (You found it on level 4 of the Dungeon)
Missiles
 b - 14 poisoned darts
 c - 3 curare-tipped darts
 f - a throwing net {!d}
 o - 2 boomerangs
 s - 25 stones
Magical Staves
 l - a staff of earth
   (You found it on level 3 of the Dungeon)
Jewellery
 g - an amulet of guardian spirit (around mantle)
   (You found it on level 1 of the Dungeon)
 k - a ring of flight {+Fly, !d}
   (You took it off an orc on level 3 of the Dungeon)
Scrolls
 E - a scroll of fear
 Y - 2 scrolls of teleportation {@r3}
Potions
 q - a potion of might {unknown}
 B - a potion of brilliance
 H - a potion of haste
 J - a potion of curing {@q1}


   Skills:
 * Level 3.1 Fighting
 + Level 4.9 Short Blades
 - Level 2.0 Throwing
 - Level 1.0 Dodging
 * Level 6.9 Stealth
 - Level 3.0 Spellcasting
 + Level 1.5 Conjurations
 + Level 1.4 Earth Magic


You had 9 spell levels left.
You knew the following spells:

 Your Spells              Type           Power      Damage    Failure   Level
x - Stone Arrow           Conj/Erth      10%        3d7       36%         3

Your spell library contained the following spells:

 Spells                   Type           Power      Damage    Failure   Level
 Sandblast                Erth           10%        2d5       13%         1
 Passwall                 Tmut/Erth      2%         N/A       26%         2
 Animate Dead             Necr           1%         N/A       92%         4
 Haunt                    Necr/Summ      0%         N/A       100%        7
 Infestation              Necr           0%         N/A       100%        8


Dungeon Overview and Level Annotations

Branches:
Dungeon (5/15) Zot: 26126
 Temple: D:4-7

Altars:
Cheibriados
Fedhas
Okawaru

Shops:
D:4 ([

Annotations:
D:3 Sigmund
D:4 exclusion: oklob plant


Innate Abilities, Weirdness & Mutations

You cannot wear most types of armour.
You are amphibious.
You can wear up to eight rings at the same time.
Your skin changes colour to match your surroundings (Stealth+).
Your rubbery body absorbs attacks. (AC +1, EV +1)
((You are camouflaged when in or above water. (Stealth+)))
You have tentacles for arms and can constrict up to eight enemies at once.


Message History

You hit the gnoll.
You constrict the gnoll, but do no damage.
You hit the gnoll.
You kill the gnoll!
You enter the shallow water.
The endoplasm barely misses you.
You hit the endoplasm. You hit the endoplasm.
You kill the endoplasm!
MP restored: 11 No target in view!
i - 2 scrolls labelled JYDOJUTZ XIMM (gained 1)
You enter the shallow water.
You enter the shallow water.
The kobold shouts!
The kobold hits you with a +0 dagger.
You regained 5 hp, and now have 45/46 hp.
You hit the kobold. You grab the kobold. You constrict the kobold.
You kill the kobold!
You hear a splash.
No target in view!
You see here a +0 dagger.
You now have 203 gold pieces (gained 11).
You see here a +0 giant spiked club.
There is an entrance to Laraqih's Weapon Emporium here.
You enter the shallow water.
You enter the shallow water.
You enter the deep water.
You enter the shallow water.
There is an entrance to Xomiroo's Antique Armour Shoppe here.
You enter the deep water.
You enter the shallow water.
Partly explored, can't reach some places.
Health restored: 46
As you read the scroll labelled JYDOJUTZ XIMM, it crumbles to dust.
You feel strangely unstable.
It was a scroll of teleportation.
Y - a scroll of teleportation Partly explored, can't reach some places.
Unknown command.
Your surroundings suddenly seem different.
Partly explored, can't reach some places.
The air fills with toxic fumes!
As you read the scroll labelled MOGOCK NOYCSEC, it crumbles to dust.
It was a scroll of poison.
As you read the scroll labelled WASICI ICASAWYE, it crumbles to dust.
You hear a loud clanging noise!
It was a scroll of noise.
You start waiting.
Done waiting.
Okay, then.
You see here a +0 spear.
There is a stone staircase leading down here.
You climb downwards.
There is a stone staircase leading up here.
Y - 2 scrolls of teleportation {@r3} (gained 1)
Found a stone staircase leading up.
You now have 212 gold pieces (gained 9).
You now have 222 gold pieces (gained 10).
An ice beast comes into view.
The ice beast completely misses you.
You hit the ice beast. You closely miss the ice beast.
The ice beast barely misses you.
You hit the ice beast. The ice beast barely misses you.
You hit the ice beast. The ice beast barely misses you.
You hit the ice beast. You hit the ice beast. The ice beast hits you.
The ice beast freezes you!
You take 14 damage, and have 32/46 hp.
MASSIVE DAMAGE!!
You now have 9/11 mp.
Your +1 short sword of flaming bursts into flame!
t - a +1 short sword of flaming (weapon)
The ice beast hits you. The ice beast freezes you!
You take 9 damage, and have 23/46 hp.
You now have 7/11 mp.
You barely miss the ice beast.
You squeeze the ice beast, but do no damage.
You hit the ice beast.
You melt the ice beast.
You squeeze the ice beast, but do no damage.
The ice beast closely misses you.
You hit the ice beast but do no damage. Your squeeze misses the ice beast.
The ice beast barely misses you.
You hit the ice beast.
You melt the ice beast.
You squeeze the ice beast, but do no damage.
The ice beast hits you. The ice beast freezes you!
* * * LOW HITPOINT WARNING * * *
You take 11 damage, and have 12/46 hp.
MASSIVE DAMAGE!!
You now have 3/11 mp.
You barely miss the ice beast. Your squeeze misses the ice beast.
The ice beast hits you.
* * * LOW HITPOINT WARNING * * *
The ice beast freezes you!
* * * LOW HITPOINT WARNING * * *
You take 11 damage, and have 1/46 hp.
MASSIVE DAMAGE!!
You now have 0/11 mp.
You feel better. The ice beast hits you.
* * * LOW HITPOINT WARNING * * *
The ice beast freezes you!
You die...

... #.. #####.#.#
#.....#!# #.#####.#
#.####.#...#.#
#..........#Y#
#########.#.###@#
..........#..<#.#
#########..#..##.#
.................#
#########..#######
.............#######
.###########........
#<.........########
##########.#


You could see an ice beast.

Vanquished Creatures
  Duvessa (D:4)
  An ogre (D:4)
  Dowan (D:4)
  A howler monkey (D:3)
  An orc wizard (D:3)
  Terence (D:3)
  11 gnolls
  3 adders
  2 worms
  3 dart slugs
  6 orcs
  13 endoplasms
  5 giant cockroaches
  6 goblins
  6 hobgoblins
  4 jackals (D:2)
  2 quokkas
  9 ball pythons
  7 bats
  4 frilled lizards
  3 kobolds
  6 rats
96 creatures vanquished.

Notes
Turn   | Place    | Note
-------+----------+-------------------------------------------
     0 | D:1      | sokol815 the Octopode Brigand began the quest for the Orb.
     0 | D:1      | Reached XP level 1. HP: 14/14 MP: 1/1
   164 | D:1      | Reached XP level 2. HP: 19/19 MP: 2/2
   312 | D:1      | Reached skill level 3 in Short Blades
   649 | D:1      | Reached XP level 3. HP: 20/24 MP: 3/3
   667 | D:1      | Reached skill level 1 in Spellcasting
  1154 | D:2      | Reached XP level 4. HP: 23/29 MP: 6/6
  1787 | D:2      | Reached skill level 2 in Spellcasting
  1883 | D:3      | Noticed Terence
  1893 | D:3      | Killed Terence
  1897 | D:3      | Reached XP level 5. HP: 18/34 MP: 3/8
  1899 | D:3      | Reached skill level 4 in Short Blades
  1899 | D:3      | Reached skill level 3 in Spellcasting
  2087 | D:3      | Found an iron altar of Okawaru.
  2251 | D:3      | Noticed Sigmund
  2401 | D:3      | Learned a level 3 spell: Stone Arrow
  2596 | D:3      | Found a snail-covered altar of Cheibriados.
  2666 | D:3      | Reached XP level 6. HP: 39/39 MP: 10/10
  2907 | D:4      | Found a blossoming altar of Fedhas.
  2927 | D:4      | Noticed an oklob plant
  3015 | D:4      | Found Xomiroo's Antique Armour Shoppe.
  3027 | D:4      | Found Laraqih's Weapon Emporium.
  3048 | D:4      | Reached skill level 6 in Stealth
  3117 | D:4      | Noticed Duvessa
  3117 | D:4      | Noticed Dowan
  3120 | D:4      | Killed Dowan
  3160 | D:4      | Killed Duvessa
  3161 | D:4      | Reached skill level 1 in Conjurations
  3161 | D:4      | Reached skill level 1 in Earth Magic
  3161 | D:4      | Reached XP level 7. HP: 44/45 MP: 9/11
  3324 | D:4      | Reached skill level 3 in Fighting
  3843 | D:5      | Entered Level 5 of the Dungeon
  3910 | D:5      | HP: 11/46 [ice beast (2)]
  3910 | D:5      | HP: 1/46 [ice beast (10)]
  3911 | D:5      | Mangled by an ice beast

Illustrated notes

Levels and vault maps discovered:
D:1:      dpeg_arrival_radiant, layout_basic, corexii_hall_statues_i
D:2:      layout_basic
D:3:      layout_basic, mainiacjoe_overflow_catwalk, mainiacjoe_overflow_paths,
          uniq_crazy_yiuf_cottage, uniq_terence, uniq_sigmund
D:4:      layout_rooms, tgw_fedhas, minmay_temple_entry_from_below_b,
          serial_shops, shop, shop, hangedman_decor_opposing,
          chequers_big_river, eino_curves_04, uniq_duvessa
D:5:      layout_basic, uniq_menkaure

Skill      XL: |  1  2  3  4  5  6  7 |
---------------+----------------------+-----
Short Blades   | 3 4 |  4.9
Spellcasting   | 1 2 3 |  3.0
Stealth        | 6 |  6.9
Conjurations   | 1 |  1.5
Earth Magic    | 1 |  1.4
Fighting       | 3 |  3.1
Throwing       | |  2.0
Dodging        | |  1.0

Action                     |  1- 3 |  4- 6 |  7- 9 || total
---------------------------+-------+-------+-------++-------
  Melee: Dagger            |    60 |     6 |       ||    66
         Tentacles         |     9 |    24 |     9 ||    42
         Constrict         |    12 |    16 |    10 ||    38
         Punch             |     1 |     2 |     1 ||     4
         Short sword       |       |    90 |    38 ||   128
  Throw: Dart              |     3 |    17 |       ||    20
    Use: Scroll            |       |     6 |     3 ||     9
         Potion            |       |       |     1 ||     1
   Stab: Sleeping          |    15 |    15 |       ||    30
         Distracted        |       |     2 |     1 ||     3
 Armour: Skin              |     5 |     6 |       ||    11
  Dodge: Dodged            |    27 |    43 |    24 ||    94

Table legend: (Time is in decaauts)
 A = Elapsed time spent in this place.
 B = Non-inter-level travel time spent in this place.
 C = Inter-level travel time spent in this place.
 D = Time resting spent in this place.
 E = Time spent auto-exploring this place.
 F = Levels seen in this place.
 G = Mean time per level.
                   A        B        C        D        E       F      G
               +--------+--------+--------+--------+--------+-----+--------+
         Total |   3872 |   3747 |    125 |    331 |   2678 |   5 |  774.4 |
       Dungeon |   3872 |   3747 |    125 |    331 |   2678 |   5 |  774.4 |
               +--------+--------+--------+--------+--------+-----+--------+

Top non-repeatable levels by time:
     D:1: 1023 daAuts
     D:4: 999 daAuts
     D:2: 951 daAuts
     D:3: 834 daAuts
     D:5: 64 daAuts

Levels and vault maps discovered:
D:1:      dpeg_arrival_radiant, layout_basic, corexii_hall_statues_i
D:2:      layout_basic
D:3:      layout_basic, mainiacjoe_overflow_catwalk, mainiacjoe_overflow_paths,
          uniq_crazy_yiuf_cottage, uniq_terence, uniq_sigmund
D:4:      layout_rooms, tgw_fedhas, minmay_temple_entry_from_below_b,
          serial_shops, shop, shop, hangedman_decor_opposing,
          chequers_big_river, eino_curves_04, uniq_duvessa
D:5:      layout_basic, uniq_menkaure

Table legend: (Time is in decaauts)
 A = Elapsed time spent in this place.
 B = Non-inter-level travel time spent in this place.
 C = Inter-level travel time spent in this place.
 D = Time resting spent in this place.
 E = Time spent auto-exploring this place.
 F = Levels seen in this place.
 G = Mean time per level.
                   A        B        C        D        E       F      G
               +--------+--------+--------+--------+--------+-----+--------+
         Total |   3872 |   3747 |    125 |    331 |   2678 |   5 |  774.4 |
       Dungeon |   3872 |   3747 |    125 |    331 |   2678 |   5 |  774.4 |
               +--------+--------+--------+--------+--------+-----+--------+

Top non-repeatable levels by time:
     D:1: 1023 daAuts
     D:4: 999 daAuts
     D:2: 951 daAuts
     D:3: 834 daAuts
     D:5: 64 daAuts

Table legend:
 A = Kills in this place as a percentage of kills in the entire game.
 B = Kills by you in this place as a percentage of kills by you in the entire game.
 C = Kills by friends in this place as a percentage of kills by friends in the entire game.
 D = Other kills in this place as a percentage of other kills in the entire game.
 E = Experience gained in this place as a percentage of experience gained in the entire game.
 F = Experience gained in this place divided by the number of levels of this place that you have seen.
                   A       B       C       D       E      F
               +-------+-------+-------+-------+-------+----------------------
         Total | 100.0 | 100.0 |   N/A |   N/A | 100.0 | 157.0
       Dungeon | 100.0 | 100.0 |   N/A |   N/A | 100.0 | 157.0
               +-------+-------+-------+-------+-------+----------------------
